Map: Newkirk Precinct TE (Void)

Players

Railgan

  • Race: Zerg Zerg
  • League: Grandmaster
  • Spawn Location: 7:00

KSHMR - Winner!

  • Race: Terran Terran
  • League: Master
  • Spawn Location: 5:00

VOD

Have the link to the VOD?

Description

Time

  • Played on: March 4, 2017, 6:54 p.m.
  • Length: 3:44
Show
View Real Time Build Order
Export as new Build Order

Railgan Zerg 

Build Orders: Pool First 

Get SALT Encoding   

  12  0:01  Drone  
  13  0:13  Overlord  
  13  0:18  Drone  
  14  0:31  Drone x2  
  14  0:35  Drone  
  17  0:46  Spawning Pool  
  17  0:49  Drone  
  17  0:56  Drone  
  18  1:12  Hatchery  
  18  1:14  Extractor  
  18  1:17  Drone  
  17  1:20  Drone  
  19  1:32  Zergling x2  
  19  1:33  Queen  
  21  1:40  Drone  
  22  1:49  Overlord  
  22  2:08  Queen  
  22  2:09  Drone  
  22  2:11  Drone  
  26  2:22  Spine Crawler  
  26  2:24  Metabolic Boost, Zergling x2  
  26  2:27  Queen  
  28  2:34  Zergling x2  
  26  2:45  Zergling x2  
  17  3:10  Zergling x2  
  18  3:15  Zergling x2  
  18  3:18  Zergling x2  
  18  3:22  Zergling x2  
  18  3:25  Zergling x2  
Show
View Real Time Build Order
Export as new Build Order

KSHMR Terran - Winner!

Build Orders:  

Get SALT Encoding   

  12  0:01  SCV  
  13  0:13  SCV  
  14  0:22  Supply Depot  
  14  0:44  Barracks  
  14  0:53  Barracks  
  14  1:07  Barracks  
  14  1:12  SCV  
  15  1:31  Marine  
  15  1:32  Barracks  
  16  1:40  Marine  
  16  1:45  Supply Depot  
  17  1:49  Marine  
  18  1:54  Marine  
  18  1:58  Marine  
  20  2:07  Marine  
  21  2:12  Marine  
  22  2:15  Marine  
  22  2:18  Marine  
  24  2:25  Marine  
  25  2:30  Marine  
  25  2:33  Marine  
  25  2:36  Marine  
  28  2:43  Marine  
  28  2:54  Marine  
  27  3:02  Marine  
  23  3:05  Marine  
  23  3:09  Marine  
  24  3:18  Marine  
  25  3:20  Marine  
  25  3:23  Marine  
Tags
 
Add a new tag
Caveats
  • Supply blocks, unpowered buildings, or Contaminate may cause inaccurate times.
  • Supply counts are checked every 10 seconds.